 Dungeon Sprint DCSS version 0.19.3-4-gbf9329e (webtiles) character file.

7975 Kagutsuchi the Fencer (level 11, -20/166 HPs)
             Began as a Grey Draconian Berserker on Jan 28, 2017.
             Was a High Priest of Trog.
             Demolished by a hellephant (27 damage)
             ... in the Dungeon (Sprint II: "The Violet Keep of Menkaure").
             The game lasted 00:10:54 (1951 turns).

Kagutsuchi the Fencer (Grey Draconian Berserker)    Turns: 1951, Time: 00:10:55

Health: -20/166    AC: 14    Str: 26    XL:     11   Next: 3%
Magic:  11/11      EV: 19    Int: 15    God:    Trog [*****.]
Gold:   895        SH:  0    Dex: 12    Spells: 0 memorised, 10 levels left

rFire  . . .     SeeInvis .     b - +8 great sword of Distraction {drain, Int+5}
rCold  . . .     Gourm    .     (armour unavailable)
rNeg   . . .     Faith    .     (shield currently unavailable)
rPois  .         Spirit   .     (helmet restricted)
rElec  .         Reflect  .     (no cloak)
rCorr  .         Harm     .     (no gloves)
MR     .....     NoTele   +     (no boots)
Stlth  ..........               (no amulet)
                                (no ring)
                                c - +2 ring of protection

@: berserking, lethally poisoned (-20 -> -56), slowed
A: walk through water, unfitting armour, clever 1, deterioration 1, unbreathing,
cold-blooded, AC +12
a: Berserk, Trog's Hand, Brothers in Arms, Burn Spellbooks, Renounce Religion


You were in the Dungeon.
You worshipped Trog.
Trog was extremely pleased with you.
You were not hungry.

You visited 1 branch You collected 1663 gold pieces.
You spent 768 gold pieces at shops.

Inventory:

Hand Weapons
 a - a +0 falchion
 b - the +8 great sword of Distraction (weapon) {drain, Int+5}
   (You bought it in a shop in the Dungeon)

   A truly terrible weapon, it drains the life of those it strikes.
   It affects your intelligence (+5).
 n - a +0 arbalest
Missiles
 o - 25 bolts
Jewellery
 c - a +2 ring of protection (left hand)
 t - a cursed ring of protection from fire {unknown}
 z - an uncursed ring of positive energy {unknown}
Scrolls
 h - 2 scrolls of blinking
 m - a scroll of fog {unknown}
 p - 4 scrolls of identify {unknown}
 r - a scroll of magic mapping {unknown}
 s - 2 scrolls of fear {unknown}
 w - a scroll of recharging {unknown}
 x - a scroll of remove curse {unknown}
 y - a scroll of random uselessness {unknown}
Potions
 d - 4 potions of curing
 e - 2 potions of haste
 f - 5 potions of magic
 g - a potion of berserk rage
 i - a potion of ambrosia
 q - 2 potions of cancellation {unknown}
 u - 3 potions of flight {unknown}
 v - 2 potions of mutation {unknown}
 A - 3 potions of resistance {unknown}
Comestibles
 k - 2 meat rations
 l - 5 bread rations


   Skills:
 + Level 14.5 Fighting
 + Level 17.2 Long Blades
 + Level 13.1 Dodging
 + Level 4.5 Stealth


You had 10 spell levels left.
You didn't know any spells.

Dungeon Overview and Level Annotations

Branches:
Dungeon (1/1)

Altars:
Cheibriados
Dithmenos
Elyvilon
Fedhas
Gozag
Hepliaklqana
Kikubaaqudgha
Makhleb
Nemelex Xobeh
Okawaru
Qazlal
Ru
Sif Muna
Trog
Uskayaw
Vehumet
Xom
Yredelemnul
Zin
The Shining One
Beogh
Jiyva
Lugonu

Shops:
D ![:([[}=%!?==:}*

Annotations:
D exclusions: Roxanne, obsidian statue and oklob plant, Roxanne, Sonja


Innate Abilities, Weirdness & Mutations

You can walk through water.
Your dull iron-grey scales are very hard. (AC +12)
You cannot fit into any form of body armour.
You can survive without breathing.
You are cold-blooded and may be slowed by cold attacks.
Your mind is acute. (Int +2)
Your body sometimes deteriorates upon taking damage.


Message History

The mottled draconian shifter is almost dead.
* * * LOW HITPOINT WARNING * * *
You feel very sick.
Sonja shoots a curare-tipped needle.
The curare-tipped needle closely misses you.
The hellephant blinks!
The mottled draconian shifter gestures wildly while chanting.
The hellephant blinks!
You slash the mottled draconian shifter!
You feel the power of Trog in you as your rage grows.
You kill the mottled draconian shifter!
Trog accepts your kill.
Trog appreciates your killing of a magic user.
Your Long Blades skill increases to level 17!
Your Dodging skill increases to level 13!
You have reached level 11!
* * * LOW HITPOINT WARNING * * *
You feel very sick. The hellephant tramples you!!
You die...

#[§▓).......▓▓
#=)▓.......[▓▓.⌠.▓
.#))▓[.......▓▓$..▓
####▓(.(..[..▓▓...▓ #
.#▓...[..)(▓▓...▓ #
.#▓..(...(.▓▓.§.▓ #
.#▓..[.[..[▓▓.⌠.▓
##.#▓.[[.(...▓▓Y).▓
..##▓▓▓▓▓▓▓'▓▓▓▓@▓
≈÷≈≈≈≈≈≈≈≈≈..K≈≈≈▓
÷########§###.≈≈≈▓
..._._._#§§≈##≈§≈▓
.._._._.#§≈≈≈####▓▓▓▓▓
._._._._#§§§§§##..#..▓
_._._._.#§≈§§§§#..#..▓
._._._..#§§§§§≈'..†..▓
_._._...#≈≈≈§§≈#.§#..▓


You could see a hellephant and Sonja.

Vanquished Creatures
  A sphinx (D)
  A draconian shifter (D)
  A deep troll (D)
  A glowing orange brain (D)
  A yaktaur (D)
  A polar bear (D)
  2 tyrant leeches (D)
  4 neqoxecs (D)
  A vampire mosquito (D)
  Menkaure (D)
  3 crocodiles (D)
  4 worker ants (D)
  2 worms (D)
23 creatures vanquished.

Vanquished Creatures (collateral kills)
  A kraken (D)
  A sphinx (D)
  A deep troll (D)
  A hornet (D)
  2 polar bears (D)
  5 tentacles (D)
11 creatures vanquished.

Vanquished Creatures (others)
  A crocodile (D)
  8 tentacles (D)
9 creatures vanquished.

Grand Total: 43 creatures vanquished

Notes
Turn   | Place    | Note
-------+----------+-------------------------------------------
     0 | D        | Kagutsuchi the Draconian Berserker began the quest for the Orb.
     0 | D        | Reached XP level 1. HP: 19/19 MP: 1/1
     1 | D        | Noticed a neqoxec
     6 | D        | Killed a neqoxec
     6 | D        | Reached skill level 6 in Long Blades
     6 | D        | Reached skill level 5 in Dodging
     6 | D        | Reached XP level 2. HP: 34/34 MP: 2/2
     6 | D        | Reached XP level 3. HP: 39/39 MP: 3/3
     6 | D        | Reached XP level 4. HP: 47/47 MP: 4/4
     8 | D        | Noticed a neqoxec
    19 | D        | Killed a neqoxec
    19 | D        | Reached ** piety under Trog
    19 | D        | Reached skill level 7 in Long Blades
    19 | D        | Reached XP level 5. HP: 36/56 MP: 5/5
    43 | D        | Noticed a crocodile
    43 | D        | Noticed a neqoxec
    43 | D        | Noticed a neqoxec
    55 | D        | Killed a crocodile
    63 | D        | Gained mutation: Your body sometimes deteriorates upon taking damage. [a neqoxec]
    66 | D        | Killed a neqoxec
    66 | D        | Reached skill level 8 in Long Blades
    66 | D        | Reached XP level 6. HP: 21/63 MP: 6/6
    66 | D        | Gained mutation: Your mind is acute. (Int +2) [a neqoxec]
    78 | D        | Killed a neqoxec
    78 | D        | Reached skill level 9 in Long Blades
   372 | D        | Noticed a tyrant leech
   372 | D        | Noticed a tyrant leech
   386 | D        | Your scales start taking on a dull iron-grey colour.
   386 | D        | Reached XP level 7. HP: 71/71 MP: 7/7
   386 | D        | Gained mutation: You can survive without breathing. [Grey Draconian growth]
   447 | D        | Killed a tyrant leech
   447 | D        | Reached *** piety under Trog
   447 | D        | Reached skill level 10 in Fighting
   447 | D        | Reached skill level 10 in Long Blades
   462 | D        | HP: 2/109 [tyrant leech (28)]
   470 | D        | Killed a tyrant leech
   798 | D        | Reached skill level 11 in Long Blades
   802 | D        | Reached **** piety under Trog
   802 | D        | Reached XP level 8. HP: 77/82 MP: 8/8
   870 | D        | Found Maif's Book Shoppe.
   870 | D        | Found Ruuf Hau's Gadget Shoppe.
   870 | D        | Found Hanoyloo's Jewellery Emporium.
   870 | D        | Found Wizun's Jewellery Emporium.
   870 | D        | Found Abuvvur's Distillery.
   870 | D        | Found Uregeabb's Magic Scroll Shoppe.
   871 | D        | Found Ikuweatu's Food Shoppe.
   871 | D        | Found Wagomi's Jewellery Emporium.
   872 | D        | Found Qyfix's Gadget Shoppe.
   872 | D        | Found Zerux's General Store.
   872 | D        | Found Puaj's Armour Emporium.
   872 | D        | Noticed Menkaure
   875 | D        | Found Badiar's Antique Armour Shoppe.
   875 | D        | Found Kapsif's Antique Weapon Emporium.
   875 | D        | Noticed an ice dragon
   875 | D        | Noticed an oklob plant
   876 | D        | Found Yqikesih's Antique Armour Shoppe.
   876 | D        | Found Farphewkoica's Distillery.
   876 | D        | Found Rutijats's Book Shoppe.
   877 | D        | Noticed a great orb of eyes
   891 | D        | Killed Menkaure
   900 | D        | Noticed a shining eye
   901 | D        | Noticed a shining eye
   905 | D        | Bought a bone great sword for 218 gold pieces
   905 | D        | Identified the +8 great sword of Distraction {drain, Int+5} (You bought it in a shop in the Dungeon)
   914 | D        | Bought a +2 ring of protection for 120 gold pieces
   919 | D        | Bought a potion of curing for 33 gold pieces
   919 | D        | Bought a potion of ambrosia for 88 gold pieces
   925 | D        | Bought a potion of curing for 33 gold pieces
   925 | D        | Bought a potion of heal wounds for 55 gold pieces
   925 | D        | Bought a potion of curing for 33 gold pieces
   925 | D        | Bought a potion of heal wounds for 55 gold pieces
   925 | D        | Bought a potion of curing for 33 gold pieces
   929 | D        | Bought a meat ration for 50 gold pieces
   929 | D        | Bought a bread ration for 50 gold pieces
   968 | D        | Noticed an obsidian statue
   979 | D        | Found a shimmering altar of Xom.
   979 | D        | Found a stormy altar of Qazlal.
   980 | D        | Found a basalt altar of Yredelemnul.
   980 | D        | Found a sacrificial altar of Ru.
   981 | D        | Found a glowing silver altar of Zin.
   981 | D        | Found a deep blue altar of Sif Muna.
   981 | D        | Found a viscous altar of Jiyva.
   982 | D        | Found a glowing golden altar of the Shining One.
   982 | D        | Found a bloodstained altar of Trog.
   982 | D        | Found an ancient bone altar of Kikubaaqudgha.
   983 | D        | Found a hide-covered altar of Uskayaw.
   983 | D        | Found a corrupted altar of Lugonu.
   983 | D        | Found a shadowy altar of Dithmenos.
   984 | D        | Found a radiant altar of Vehumet.
   984 | D        | Found a burning altar of Makhleb.
   984 | D        | Found a white marble altar of Elyvilon.
   985 | D        | Found a sparkling altar of Nemelex Xobeh.
   985 | D        | Found a blossoming altar of Fedhas.
   986 | D        | Found an iron altar of Okawaru.
   986 | D        | Found an opulent altar of Gozag.
   986 | D        | Noticed a polar bear
   987 | D        | Noticed a polar bear
   988 | D        | Noticed a hornet
   989 | D        | Found a hazy altar of Hepliaklqana.
   989 | D        | Found a snail-covered altar of Cheibriados.
   989 | D        | Noticed a polar bear
   992 | D        | Noticed a yaktaur
   992 | D        | Found a roughly hewn altar of Beogh.
   995 | D        | Killed a polar bear
   997 | D        | Killed a hornet
   997 | D        | Reached skill level 12 in Long Blades
   997 | D        | Reached skill level 10 in Dodging
   997 | D        | Reached skill level 1 in Stealth
  1000 | D        | Killed a yaktaur
  1003 | D        | Killed a polar bear
  1008 | D        | Killed a polar bear
  1008 | D        | Reached ***** piety under Trog
  1008 | D        | Reached skill level 13 in Long Blades
  1008 | D        | Reached XP level 9. HP: 58/90 MP: 9/9
  1135 | D        | Noticed a kraken
  1356 | D        | Killed a kraken
  1356 | D        | Reached skill level 14 in Long Blades
  1364 | D        | Noticed a glowing orange brain
  1364 | D        | Noticed a mottled draconian shifter
  1364 | D        | Noticed Sonja
  1364 | D        | Noticed a hellephant
  1373 | D        | Killed a glowing orange brain
  1406 | D        | Noticed a deep troll
  1406 | D        | Noticed a deep troll
  1415 | D        | Killed a deep troll
  1415 | D        | Reached skill level 15 in Long Blades
  1415 | D        | Reached XP level 10. HP: 67/101 MP: 10/10
  1417 | D        | Killed a deep troll
  1710 | D        | Noticed a sphinx
  1710 | D        | Noticed a sphinx
  1715 | D        | Paralysed by a sphinx for 2 turns
  1716 | D        | Killed a sphinx
  1716 | D        | Reached skill level 16 in Long Blades
  1719 | D        | Killed a sphinx
  1895 | D        | Noticed Roxanne
  1951 | D        | Killed a mottled draconian shifter
  1951 | D        | Reached skill level 17 in Long Blades
  1951 | D        | Reached XP level 11. HP: 9/111 MP: 11/11
  1951 | D        | HP: 7/166 [poisoned by Sonja (curare-tipped needle)]
  1951 | D        | Demolished by a hellephant

Skill      XL: |  1  2  3  4  5  6  7  8  9 10 |
---------------+-------------------------------+-----
Fighting       | 7 8 9 11 12 13 14 | 14.5
Long Blades    | 6 7 8 9 11 13 15 17 | 17.2
Dodging        | 5 6 7 8 9 10 11 13 | 13.1
Stealth        | 1 3 4 |  4.5

Action                   |  1- 3 |  4- 6 |  7- 9 | 10-12 || total
-------------------------+-------+-------+-------+-------++-------
Melee: Falchion          |     3 |    46 |    54 |       ||   103
       Tailslap          |     2 |     8 |    13 |     4 ||    27
       Great sword       |       |       |    23 |    22 ||    45
Invok: Berserk           |     1 |     1 |     2 |     2 ||     6
       Trog's Hand       |       |     1 |       |       ||     1
       Brothers in Arms  |       |       |     3 |     2 ||     5
  Use: Potion            |       |     2 |     3 |     1 ||     6
  Eat: Bread ration      |       |       |     1 |       ||     1
       Meat ration       |       |       |     1 |     1 ||     2
Armor: Skin              |       |    21 |    23 |    11 ||    55
Dodge: Dodged            |     3 |    58 |    63 |    24 ||   148
       Rpst.: Falchion   |     1 |    20 |     6 |       ||    27
       Great sword       |       |       |     8 |     2 ||    10
